 BcadrenCrawl: Boulder Brew version 0.04.2-10-g17648f679b (webtiles) character file.

Game seed: 2271428997555290471, levelgen mode: deterministic

13715 gruber the Demolition Dog (level 12, -13/89 HPs) Gnoll Demonspawn. Began on May 2, 2021. Was an Elder of Makhleb. Mangled by a guardian mummy ... wielding a +0 battleaxe (26 damage) ... on level 6 of the Dungeon. The game lasted 00:14:12 (6852 turns).

gruber the Demolition Dog (Gnoll Demonspawn)        Turns: 6852, Time: 00:14:14

Health: -13/89     AC:  9    Str: 17    XL:     12 ^: 12388
Magic:  0/22       EV: 24    Int: 20    God:    Makhleb [4* [103]]
Gold:   44         SH:  5    Dex: 14    Spells: 19/25 levels left

rFire    . . .     Vision   +   u - +2 dagger (venom)
rCold    + . .     Gourm    .   v - +4 dagger
rNeg     . . .     Faith    .   j - +0 troll leather {Purgy}
rPois    .         Spirit   +   E - +1 helmet {+Vis}
rElec    .         Reflect  +   h - +0 cloak
rCorr    .         Harm     .   D - +0 pair of gloves
MR       .....                  (no boots)
Stlth    +++.......             z - amulet of reflection
HPRegen  0.79/turn              q - ring of evasion
MPRegen  0.64/turn              (no ring)

@: very slightly contaminated
A: distributed training, fangs 1, hooves 2, repulsion field 1, cold resistance
1, magic shield, magic regeneration, strong nose
a: Minor Destruction, Lesser Servant of Makhleb, Major Destruction, Renounce
Religion


You were on level 6 of the Dungeon.
You worshipped Makhleb.
Makhleb was greatly pleased with you.
You were very hungry.

You visited 1 branch of the dungeon, and saw 6 of its levels.

You collected 242 gold pieces.
You spent 198 gold pieces at shops.

Inventory:

Weapons
 a - a +0 rapier
 e - a +1 vampiric dagger
 u - a +2 dagger of venom (weapon)
 v - a +4 dagger (weapon)
Armour
 h - a +0 cloak (worn)
 j - a +0 troll leather (worn) {Purgy}
 D - a +0 pair of gloves (worn)
 E - a +1 helmet of improved vision (worn)
Jewellery
 i - an uncursed ring of ice
 p - an uncursed ring of ice
 q - a ring of evasion (left hand)
 z - an amulet of reflection (around neck)
 A - a cursed ring of positive energy {(Curse: rF-)}
 F - a cursed ring of resist corrosion {(Curse: rF- rC-)}
Wands
 n - a wand of ensnaring (2)
 s - a wand of acid (1)
 t - a wand of enslavement (2)
 w - a wand of flame (1)
Scrolls
 f - 7 scrolls of teleportation
 g - 2 scrolls of fear
 k - a scroll of blinking
 l - 2 scrolls of enchantment
 x - 3 scrolls of amnesia
 y - a scroll of fog
 G - a scroll of magic mapping
Potions
 b - 3 potions of might
 c - 2 potions of berserk rage
 m - 2 potions of curing
 o - a potion of haste
 r - 2 potions of agility
 B - a potion of resistance
 C - 2 potions of brilliance
Comestibles
 d - 21 rations


   Skills:
 + Level 6.9 Fighting
 + Level 7.9 Short Blades
 + Level 6.3 Long Blades
 + Level 6.3 Axes & Hammers
 + Level 6.3 Whips & Flails
 + Level 6.3 Polearms
 + Level 6.3 Maces & Staves
 + Level 6.3 Slings
 + Level 6.3 Bows
 + Level 6.3 Crossbows
   Level 0.0 Throwing
 + Level 6.3 Armour
 + Level 9.2 Dodging
 + Level 7.6 Stealth
 + Level 6.3 Shields
 + Level 6.3 Unarmed Combat
 + Level 7.0 Spellcasting
 + Level 5.2 Hexes
 + Level 5.2 Charms
 + Level 5.2 Summonings
 + Level 5.2 Necromancy
 + Level 5.2 Translocations
 + Level 5.2 Transmutations
 + Level 6.5 Fire Magic
 + Level 5.2 Ice Magic
 + Level 5.2 Air Magic
 + Level 5.2 Earth Magic
 + Level 5.2 Poison Magic
 + Level 11.7 Invocations
 + Level 6.3 Evocations


You had 19 spell levels left.
You knew the following spells:

 Your Spells              Type           Power        Failure   Level  Hunger
a - Flame Tongue          Fire           30 (30)      1%          1    None
b - Blink                 Tloc           N/A          1%          2    None
c - Mephitic Cloud        Pois/Air       28 (100)     3%          3    #......

Your spell library contained the following spells:

 Spells                   Type           Power        Failure   Level  Hunger
 Call Imp                 Summ           28 (100)     1%          2    None
 Slow                     Hex            28 (100)     1%          2    None
 Conjure Flame            Fire           33 (100)     1%          3    #......


Dungeon Overview and Level Annotations

Branches:
Dungeon (6/8)              Temple (0/1) D:4            Lair (0/6) D:5
    Orc (0/2) D:6

Altars:
Cheibriados
Elyvilon
Fedhas Madash
Gozag Ym Sagoz
Hepliaklqana
Makhleb
Okawaru
Qazlal
Ru
Trog
Xom
Yredelemnul
Zin

Shops:
D:6 :!([


Innate Abilities, Weirdness & Mutations

Your experience applies equally to all skills.
You have very sharp teeth.
You have hoof-like feet.
You are surrounded by a mild repulsion field. (EV +2)
You are cold resistant. (rC+)
When hurt, damage is shared between your health and your magic reserves.
You regenerate magic rapidly.
Your uncanny sense of smell can sniff out nearby items.


Message History

The sticky flame hits the meliai zombie (9)!
The meliai zombie is destroyed!
Makhleb accepts your kill.
The bullfrog zombie hits you but does no damage.
The guardian mummy hits you with a +0 flail (18)!!
The guardian mummy hits you with a cursed +2 nunchaku of protection {(Curse: Fragile)} (22)!!
* * * LOW HITPOINT WARNING * * *
Unknown command.
Unknown command.
Unknown command.
Blink to where?
Press: ? - help, Dir - move target cursor You are very lightly contaminated with residual magic.
As you read the scroll of blinking, it crumbles to dust.
Your hellwing blinks!
The bullfrog zombie blinks!
The rock worm zombie blinks!
The bullfrog zombie blinks!
The guardian mummy blinks! x2
Yoink!
You're pulled towards a dispersal trap!
The guardian mummy hits you with a +0 battleaxe (31)!!
You die...

#.....# #........†
##...## #.........
#.^...# ######.###
##..§## #######.#
# #.....#
#..†....# #
##...## #.#####.#
# #.....# #.#
#.### ##..M#####.#
#.... #.§@§.#.##.#
#.### ##§Z.##.##.#
#.# #.§§..#....#
#.# ##Z.4##.####
#.# #...^.#.# #.#
##...##.# #.#
##^3.##.# #.#
#!Z.Z?#.# #.#
#?...?#.########.#


You could see a guardian mummy, a bullfrog zombie, a rock worm zombie and a
friendly hellwing.

Vanquished Creatures
  Harold (D:6)
  2 unseen horrors (D:6)
  A two-headed ogre (D:5)
  A hydra (D:5)
  A rock worm (D:6)
  3 trolls
  A komodo dragon (D:6)
  A hornet (D:5)
  A wraith (D:5)
  2 dream sheep (D:5)
  A hippogriff (D:5)
  7 yaks (D:5)
  2 wyverns
  Sigmund (D:3)
  A hungry ghost (D:6)
  Menkaure (D:3)
  A slime creature (D:6)
  A basilisk (D:6)
  2 wargs (D:5)
  Edmund (D:3)
  A water moccasin (D:2)
  A guardian mummy (D:6)
  Purgy (D:2)
  2 orc warriors
  4 phantoms
  8 scorpions
  A sky beast (D:5)
  5 ice beasts (D:6)
  2 black bears (D:5)
  Ijyb (D:3)
  3 ogres
  4 big kobolds (D:5)
  A rock worm zombie (D:6)
  5 bullfrogs
  5 centaurs
  4 howler monkeys
  A killer bee (D:6)
  2 quasits
  7 wights
  2 hornet zombies
  4 orc priests
  2 hounds (D:5)
  9 jellies
  An iguana (D:4)
  6 mummies (D:6)
  A wyvern zombie (D:6)
  11 orc wizards
  8 worker ants
  A water moccasin skeleton (D:4)
  A water moccasin zombie (D:6)
  3 wyvern skeletons
  9 giant cockroaches
  5 bullfrog zombies (D:6)
  2 bullfrog skeletons (D:4)
  A porcupine skeleton (D:3)
  13 adders
  2 white imps
  8 cinder newts
  A worm (D:2)
  An ooze (D:2)
  A howler monkey skeleton (D:5)
  3 dart slugs (D:1)
  7 leopard geckos
  19 orcs
  3 adder skeletons
  6 bats
  6 goblins (D:1)
  5 hobgoblins (D:1)
  4 jackals (D:3)
  3 quokkas
  3 ball pythons
  A bat skeleton (D:2)
  A jackal skeleton (D:3)
  8 kobolds
  A kobold skeleton (D:2)
  A rat (D:1)
  A giant blowfly (D:2)
  13 withered plants (D:2)
267 creatures vanquished.

Vanquished Creatures (collateral kills)
  A meliai zombie (D:6)
  A bullfrog zombie (D:6)
2 creatures vanquished.

Vanquished Creatures (others)
  A giant cockroach (D:1)
  A rat (D:1)
  74 withered plants (D:2)
76 creatures vanquished.

Grand Total: 345 creatures vanquished

Notes
Turn   | Place    | Note
-------+----------+-------------------------------------------
     0 | D:1      | gruber the Gnoll Demonspawn began the quest for the Orb.
     0 | D:1      | Reached XP level 1. HP: 17/17 MP: 4/4
    27 | D:1      | Gained mutation: When hurt, damage is shared between your
                  | health and your magic reserves. [demonic ancestry]
    27 | D:1      | Reached XP level 2. HP: 23/23 MP: 6/6
   112 | D:1      | Gained mutation: You have large cloven feet. [demonic
                  | ancestry]
   112 | D:1      | Reached XP level 3. HP: 28/28 MP: 7/7
   211 | D:1      | Found a snail-covered altar of Cheibriados.
   381 | D:1      | Reached XP level 4. HP: 34/34 MP: 9/9
   387 | D:1      | Reached skill level 1 in Long Blades
   387 | D:1      | Reached skill level 1 in Axes & Hammers
   387 | D:1      | Reached skill level 1 in Whips & Flails
   387 | D:1      | Reached skill level 1 in Polearms
   387 | D:1      | Reached skill level 1 in Maces & Staves
   387 | D:1      | Reached skill level 1 in Slings
   387 | D:1      | Reached skill level 1 in Bows
   387 | D:1      | Reached skill level 1 in Crossbows
   387 | D:1      | Reached skill level 1 in Armour
   387 | D:1      | Reached skill level 1 in Shields
   387 | D:1      | Reached skill level 1 in Unarmed Combat
   387 | D:1      | Reached skill level 1 in Evocations
   394 | D:1      | Learned a level 2 spell: Blink
   398 | D:1      | Learned a level 3 spell: Mephitic Cloud
   907 | D:2      | Reached skill level 1 in Hexes
   907 | D:2      | Reached skill level 1 in Charms
   907 | D:2      | Reached skill level 1 in Summonings
   907 | D:2      | Reached skill level 1 in Necromancy
   907 | D:2      | Reached skill level 1 in Translocations
   907 | D:2      | Reached skill level 1 in Transmutations
   907 | D:2      | Reached skill level 1 in Ice Magic
   907 | D:2      | Reached skill level 1 in Air Magic
   907 | D:2      | Reached skill level 1 in Earth Magic
   907 | D:2      | Reached skill level 1 in Poison Magic
   907 | D:2      | Reached XP level 5. HP: 24/40 MP: 6/10
   993 | D:2      | Found a burning altar of Makhleb.
  1021 | D:2      | Reached skill level 7 in Invocations
  1191 | D:2      | Gained mutation: You are cold resistant. (rC+) [demonic
                  | ancestry]
  1191 | D:2      | Reached XP level 6. HP: 47/47 MP: 11/11
  1389 | D:2      | Reached skill level 5 in Short Blades
  1458 | D:2      | Found a stormy altar of Qazlal.
  1459 | D:2      | Found a white marble altar of Elyvilon.
  1514 | D:2      | Noticed Purgy
  1526 | D:2      | Killed Purgy
  1526 | D:2      | Gained mutation: You are surrounded by a mild repulsion
                  | field. (EV +2) [demonic ancestry]
  1526 | D:2      | Reached XP level 7. HP: 36/52 MP: 8/12
  2608 | D:3      | Found an opulent altar of Gozag.
  2619 | D:3      | Noticed Menkaure
  2623 | D:3      | Killed Menkaure
  2623 | D:3      | Reached XP level 8. HP: 55/60 MP: 11/13
  2626 | D:3      | Reached skill level 5 in Stealth
  2650 | D:3      | Found a shimmering altar of Xom.
  2650 | D:3      | Found a shimmering altar of Xom.
  2652 | D:3      | Found a shimmering altar of Xom.
  2658 | D:3      | Reached skill level 8 in Invocations
  2659 | D:3      | Found a burning altar of Makhleb.
  2659 | D:3      | Found a shimmering altar of Xom.
  2660 | D:3      | Found a shimmering altar of Xom.
  2667 | D:3      | Became a worshipper of Makhleb the Destroyer
  2696 | D:3      | Found a shimmering altar of Xom.
  2697 | D:3      | Found a shimmering altar of Xom.
  2713 | D:3      | Noticed Edmund
  2726 | D:3      | Killed Edmund
  2853 | D:3      | Found a bloodstained altar of Trog.
  2887 | D:3      | Noticed Ijyb
  2893 | D:3      | Killed Ijyb
  2907 | D:3      | Noticed Sigmund
  2914 | D:3      | Killed Sigmund
  3000 | D:3      | Reached XP level 9. HP: 64/66 MP: 12/15
  3028 | D:3      | Reached * piety under Makhleb
  3179 | D:3      | Found a glowing silver altar of Zin.
  3662 | D:4      | Reached skill level 9 in Invocations
  3743 | D:4      | Reached skill level 5 in Fire Magic
  3867 | D:4      | Found a staircase to the Ecumenical Temple.
  3963 | D:4      | Found a blossoming altar of Fedhas.
  4115 | D:4      | Reached skill level 5 in Spellcasting
  4156 | D:4      | Reached ** piety under Makhleb
  4222 | D:4      | Found a basalt altar of Yredelemnul.
  4412 | D:5      | Entered Level 5 of the Dungeon
  4413 | D:5      | Reached skill level 5 in Fighting
  4478 | D:5      | Gained mutation: You regenerate magic rapidly. [demonic
                  | ancestry]
  4478 | D:5      | Reached XP level 10. HP: 74/74 MP: 15/17
  4491 | D:5      | Noticed a two-headed ogre
  4510 | D:5      | Killed a two-headed ogre
  4528 | D:5      | Found a staircase to the Lair.
  4562 | D:5      | Reached skill level 10 in Invocations
  4716 | D:5      | Reached *** piety under Makhleb
  4764 | D:5      | Reached skill level 5 in Long Blades
  4764 | D:5      | Reached skill level 5 in Axes & Hammers
  4764 | D:5      | Reached skill level 5 in Whips & Flails
  4764 | D:5      | Reached skill level 5 in Polearms
  4764 | D:5      | Reached skill level 5 in Maces & Staves
  4764 | D:5      | Reached skill level 5 in Slings
  4764 | D:5      | Reached skill level 5 in Bows
  4764 | D:5      | Reached skill level 5 in Crossbows
  4764 | D:5      | Reached skill level 5 in Armour
  4764 | D:5      | Reached skill level 5 in Shields
  4764 | D:5      | Reached skill level 5 in Unarmed Combat
  4764 | D:5      | Reached skill level 5 in Evocations
  4835 | D:5      | Found a hazy altar of Hepliaklqana.
  5116 | D:5      | Found an iron altar of Okawaru.
  5125 | D:5      | Reached XP level 11. HP: 81/81 MP: 20/20
  5446 | D:5      | Noticed a three-headed hydra
  5457 | D:5      | Killed a three-headed hydra
  5512 | D:6      | Found Opak's Weapon Shoppe.
  5512 | D:6      | Found a staircase to the Orcish Mines.
  5535 | D:6      | Found Kiymychu's Book Shop.
  5571 | D:6      | Killed an unseen horror
  5571 | D:6      | Reached skill level 11 in Invocations
  5598 | D:6      | Reached **** piety under Makhleb
  5699 | D:6      | Found Ytryc's Distillery.
  5878 | D:6      | Found a sacrificial altar of Ru.
  5882 | D:6      | Noticed Harold
  5912 | D:6      | Killed Harold
  5912 | D:6      | Reached skill level 5 in Hexes
  5912 | D:6      | Reached skill level 5 in Charms
  5912 | D:6      | Reached skill level 5 in Summonings
  5912 | D:6      | Reached skill level 5 in Necromancy
  5912 | D:6      | Reached skill level 5 in Translocations
  5912 | D:6      | Reached skill level 5 in Transmutations
  5912 | D:6      | Reached skill level 5 in Ice Magic
  5912 | D:6      | Reached skill level 5 in Air Magic
  5912 | D:6      | Reached skill level 5 in Earth Magic
  5912 | D:6      | Reached skill level 5 in Poison Magic
  5950 | D:6      | Killed an unseen horror
  6036 | D:6      | Identified the +0 ring mail "Xuxzovisk" {Int+3}
  6129 | D:6      | Found Nucvenawn's Armour Shop.
  6141 | D:6      | Bought a +1 helmet of improved vision for 198 gold pieces
  6305 | D:6      | Gained mutation: You have hoof-like feet. [demonic
                  | ancestry]
  6305 | D:6      | Reached XP level 12. HP: 89/89 MP: 22/22
  6635 | D:6      | Found a runed translucent door.
  6852 | D:6      | Mangled by a guardian mummy

Levels and vault maps discovered:
D:1:      kilobyte_arrival_exit_the_forest, layout_loops_ring,
          cheibriados_altar_1, portal_sewer_entry_f
D:2:      layout_sewer, nicolae_overflow_hidden_temple, first_ration, uniq_purgy
D:3:      layout_loops_corners, nicolae_overflow_crystal_walls,
          overflow_temple_1_default, xom_redecorated, lemuel_round_altar,
          basic_altar, uniq_edmund, uniq_sigmund, uniq_menkaure, uniq_ijyb
D:4:      layout_irregular_city, yredelemnul_altar_generic, fedhas_altar_2,
          temple_green
D:5:      layout_loops_ring, lemuel_coloured_pillars_altar, lemuel_round_altar,
          erik_lair_orcish_takeover, hangedman_ranch [blue_anna_fruit_fields]
D:6:      ossuary_the_hunt_dpeg, layout_basic, nicolae_ru_sacrificial_ziggurat,
          orc_0_dummy, serial_shops, shop, shop, shop, shop_statue,
          lightli_ossuary_entry_decrepit_ruins, uniq_harold

Skill      XL: |  1  2  3  4  5  6  7  8  9 10 11 12 |
---------------+-------------------------------------+-----
Long Blades    | 1 2 3 4 5 6 |  6.3
Axes & Hammers | 1 2 3 4 5 6 |  6.3
Whips & Flails | 1 2 3 4 5 6 |  6.3
Polearms       | 1 2 3 4 5 6 |  6.3
Maces & Staves | 1 2 3 4 5 6 |  6.3
Slings         | 1 2 3 4 5 6 |  6.3
Bows           | 1 2 3 4 5 6 |  6.3
Crossbows      | 1 2 3 4 5 6 |  6.3
Armour         | 1 2 3 4 5 6 |  6.3
Shields        | 1 2 3 4 5 6 |  6.3
Unarmed Combat | 1 2 3 4 5 6 |  6.3
Evocations     | 1 2 3 4 5 6 |  6.3
Spellcasting   | 3 4 5 6 7 |  7.0
Hexes          | 1 2 3 4 5 |  5.2
Charms         | 1 2 3 4 5 |  5.2
Summonings     | 1 2 3 4 5 |  5.2
Necromancy     | 1 2 3 4 5 |  5.2
Translocations | 1 2 3 4 5 |  5.2
Transmutations | 1 2 3 4 5 |  5.2
Ice Magic      | 1 2 3 4 5 |  5.2
Air Magic      | 1 2 3 4 5 |  5.2
Earth Magic    | 1 2 3 4 5 |  5.2
Poison Magic   | 1 2 3 4 5 |  5.2
Invocations    | 7 8 9 10 11 | 11.7
Fighting       | 3 4 5 6 |  6.9
Fire Magic     | 4 5 6 |  6.5
Short Blades   | 5 6 7 |  7.9
Dodging        | 7 8 9 |  9.2
Stealth        | 5 6 7 |  7.6

Action                   |  1- 3 |  4- 6 |  7- 9 | 10-12 || total
-------------------------+-------+-------+-------+-------++-------
Melee: Rapier            |    41 |    61 |   144 |       ||   246
       Unarmed           |    18 |    42 |   133 |       ||   193
       Bite              |     1 |     4 |    21 |    71 ||    97
       Kick              |     2 |    18 |    74 |   205 ||   299
       Dagger            |       |       |   133 |   880 ||  1013
Invok: Lesser Servant of |       |       |       |     4 ||     4
  Use: Scroll            |       |       |       |     1 ||     1
 Stab: Sleeping          |     3 |     3 |    12 |     8 ||    26
       Distracted        |       |       |       |     1 ||     1
  Eat: Chunk             |       |     2 |     8 |     9 ||    19
       Ration            |       |       |     1 |       ||     1
Armor: Leather armour    |     4 |     9 |       |       ||    13
       Troll leather     |       |       |    14 |    54 ||    68
Dodge: Dodged            |    24 |    42 |   204 |   339 ||   609
Block: Other             |       |       |       |    73 ||    73
       Reflection        |       |       |       |     2 ||     2
